 Dungeon Crawl Stone Soup version 0.21-a0-591-g2314aa1 (webtiles) character file.

165 wvc the Skirmisher (level 5, 0/42 HPs)
             Began as a Demonspawn Wanderer on Dec 19, 2017.
             Was a Believer of Jiyva.
             Slain by a gnoll
             ... wielding a +0 halberd
              (9 damage)
             ... on level 3 of the Dungeon on Dec 22, 2017.
             The game lasted 00:08:24 (3449 turns).

wvc the Skirmisher (Demonspawn Wanderer)            Turns: 3449, Time: 00:08:25

Health: 0/42       AC:  9    Str: 11    XL:     5   Next: 21%
Magic:  14/14      EV:  8    Int: 17    God:    Jiyva [**....]
Gold:   112        SH:  0    Dex: 11    Spells: 4/4 levels left

rFire    . . .     SeeInvis .   p - +0 quarterstaff
rCold    . . .     Gourm    .   (shield currently unavailable)
rNeg     . . .     Faith    .   a - +2 scale mail
rPois    .         Spirit   .   (no helmet)
rElec    .         Reflect  .   t - +0 cloak
rCorr    .         Harm     .   (no gloves)
MR       .....                  (no boots)
Stlth    ..........             (no amulet)
HPRegen  0.14/turn              s - ring of magical power
MPRegen  0.14/turn              (no ring)

@: drained
A: claws 1, hooves 1, powered by pain 1
a: Request Jelly, Renounce Religion


You were on level 3 of the Dungeon.
You worshipped Jiyva.
Jiyva was pleased with you.
You were hungry.

You visited 1 branch of the dungeon, and saw 4 of its levels.

You collected 112 gold pieces.

Inventory:

Hand Weapons
 d - a +0 blowgun
 h - a +0 dagger
 p - a +0 quarterstaff (weapon)
Missiles
 c - 18 poisoned needles
Armour
 a - a +2 scale mail (worn)
 t - a +0 cloak (worn)
Jewellery
 g - an uncursed amulet of harm
 s - a ring of magical power (left claw)
Wands
 v - a wand of flame (25)
 y - a wand of iceblast (11)
Scrolls
 e - 6 scrolls of identify {unknown}
 i - 3 scrolls of fog {unknown}
 j - 2 scrolls of blinking {unknown}
 l - a scroll of enchant weapon {unknown}
 n - a scroll of fear {unknown}
 u - a scroll of remove curse {unknown}
 w - a scroll of enchant armour {unknown}
 z - a scroll of immolation {unknown}
Potions
 b - 2 potions of lignification
 k - a potion of haste {unknown}
 m - a potion of degeneration {unknown}
 o - a potion of heal wounds {unknown}
 q - a potion of flight {unknown}
 r - a potion of invisibility {unknown}
 B - a potion of curing
Books
 x - a book of Changes

   Spells                             Type                      Level
   a - Beastly Appendage              Transmutation                1
   b - Sticks to Snakes               Transmutation                2
   c - Spider Form                    Transmutation/Poison         3
   d - Ice Form                       Ice/Transmutation            4
   e - Blade Hands                    Transmutation                5
Comestibles
 f - 4 rations


   Skills:
 + Level 3.9(3.7) Fighting
 - Level 1.0(0.8) Short Blades
   Level 1.0(0.8) Axes
 - Level 2.5(2.3) Staves
 - Level 1.0(0.8) Throwing
 + Level 3.0(2.8) Armour
 + Level 1.2(1.0) Dodging
 - Level 1.0(0.8) Stealth
 - Level 1.0(0.8) Evocations


You had 4 spell levels left.
You didn't know any spells.

Dungeon Overview and Level Annotations

Branches:
Dungeon (4/15)
 Temple: D:4-7

Altars:
Fedhas
Qazlal
Jiyva

Annotations:
D:4 p0werm0de's ghost, amateur OpAM


Innate Abilities, Weirdness & Mutations

You have sharp fingernails.
You have large cloven feet.
You sometimes gain a little power by taking damage.


Message History

A quokka and a player ghost come into view.
P0werm0de's ghost turns its malevolent gaze towards you.
You hear an angry hiss.
P0werm0de's ghost hits you but does no damage.
There is a stone staircase leading up here.
There are monsters nearby!
P0werm0de's ghost hits you!
* * * LOW HITPOINT WARNING * * *
You climb upwards.
There is a stone staircase leading down here.
You hear a series of splatters.
The gnoll shaman calls upon its god to heal the gnoll.
The gnoll's wounds heal themselves!
You are feeling hungry.
The gnoll shaman calls upon its god to speed up the gnoll.
The gnoll seems to speed up.
The gnoll hits you from afar with a halberd.
* * * LOW HITPOINT WARNING * * *
The gnoll hits you from afar with a halberd!
You die...

.###...#########.####............
.# #...# #.#.............## .#
#J..# ###.#.###.######..## ##
#...# #<#g#...#...........
####...# #.#.#...#.######..##
.......#######'#.#...#.........##
................g....#...###.....
.....................#...# #....#
................@.#..#...###.....
......########.#<....#.#.#......#
......# #...####.##.#...##.###
......# #.#...........#.......
......######.##..##.....##.......
......'.......##.......##........
......######.#.##..#..##.#.##.###
..P.P.#####..#..##...##..#.##....
..._.........#.#.##.##.#.#..#.#..


You could see a gnoll shaman and a gnoll.

Vanquished Creatures
  A hound (D:3)
  Ijyb (D:3)
  Jessica (D:3)
  3 adders
  A worm (D:2)
  A dart slug (D:3)
  4 bats
  2 giant cockroaches (D:3)
  3 goblins
  5 hobgoblins (D:3)
  A quokka (D:2)
  3 frilled lizards
  5 kobolds
  5 rats
36 creatures vanquished.

Vanquished Creatures (others)
  3 jellies (D:3)
  Crazy Yiuf (D:3)
  4 gnolls (D:3)
  A bat (D:3)
  A rat (D:3)
10 creatures vanquished.

Grand Total: 46 creatures vanquished

Notes
Turn   | Place    | Note
-------+----------+-------------------------------------------
     0 | D:1      | wvc the Demonspawn Wanderer began the quest for the Orb.
     0 | D:1      | wvc set off with: a +2 scale mail, a potion of lignification, 12 poisoned needles, a +0 blowgun, a ration
     0 | D:1      | Reached XP level 1. HP: 18/18 MP: 1/1
   700 | D:1      | Upgraded the game from 0.21-a0-582-g1b93aee to 0.21-a0-591-g2314aa1
   930 | D:2      | Found a stormy altar of Qazlal.
   944 | D:2      | Gained mutation: You sometimes gain a little power by taking damage. [demonic ancestry]
   944 | D:2      | Reached XP level 2. HP: 23/24 MP: 2/2
  1155 | D:2      | Noticed a centaur
  1722 | D:3      | Found a faded altar of an unknown god.
  1907 | D:3      | Reached XP level 3. HP: 23/29 MP: 3/3
  2098 | D:3      | Noticed Jessica
  2102 | D:3      | Killed Jessica
  2102 | D:3      | Reached skill level 1 in Staves
  2315 | D:3      | Found a blossoming altar of Fedhas.
  2390 | D:3      | Became a worshipper of Jiyva Jusmis the Shapeless
  2390 | D:3      | Reached * piety under Jiyva
  2467 | D:3      | Noticed Ijyb
  2490 | D:3      | Gained mutation: You have sharp fingernails. [demonic ancestry]
  2490 | D:3      | Reached XP level 4. HP: 30/37 MP: 4/4
  2521 | D:3      | Killed Ijyb
  2521 | D:3      | Reached skill level 1 in Dodging
  2611 | D:3      | Reached ** piety under Jiyva
  2740 | D:3      | Found a runed door.
  2744 | D:3      | Noticed Crazy Yiuf
  2810 | D:3      | Killed Crazy Yiuf
  3124 | D:3      | Gained mutation: You have large cloven feet. [demonic ancestry]
  3124 | D:3      | Reached XP level 5. HP: 40/42 MP: 5/5
  3419 | D:4      | Noticed p0werm0de's ghost (amateur OpAM)
  3449 | D:3      | Slain by a gnoll

Vault maps used:
D:1:      scummos_arrival_forest, kennysheep_small_spiral
D:2:      nicolae_qazlal_general_emergency, serial_forest,
          infiniplex_forest_diagonal, infiniplex_forest_straight_4,
          infiniplex_forest_corner_1, infiniplex_forest_diagonal,
          lightli_corner_chamber
D:3:      first_ration, chequers_ecumenical_altar_island, minmay_parallelograms,
          solitary_fountain, grunt_decor_one_mirror, fedhas_altar_1,
          uniq_jessica, uniq_crazy_yiuf_cottage, uniq_ijyb
D:4:      kiku_gazebo_pond_becter, grunt_ministairs_12

Skill      XL: |  1  2  3  4 |
---------------+-------------+-----
Armour         | 2 3 |  3.0
Staves         | 1 2 |  2.5
Dodging        | 1 |  1.2
Fighting       | |  3.9
Short Blades   | |  1.0
Axes           | |  1.0
Throwing       | |  1.0
Stealth        | |  1.0
Evocations     | |  1.0

Action                   |  1- 3 |  4- 6 || total
-------------------------+-------+-------++-------
Melee: Unarmed           |    59 |       ||    59
       Quarterstaff      |    97 |    57 ||   154
       Kick              |       |     1 ||     1
 Fire: Blowgun           |       |     9 ||     9
  Eat: Chunk             |     1 |     2 ||     3
       Ration            |     1 |       ||     1
Armor: Scale mail        |   117 |    40 ||   157
Dodge: Dodged            |    87 |    38 ||   125

Table legend:
 A = Spawn XP
 B = Non-spawn XP
 C = Spawn XP percentage of total XP
 D = Spawn monster count
 E = Non-spawn monster count
 F = Spawn count percentage of total count
 G = Total turns spent on level
                    A         B        C        D         E        F      G
               +---------+---------+-------+---------+---------+-------+---------
         Total |       0 |     236 |   0.0 |       0 |      38 |   0.0 |  3449
               +---------+---------+-------+---------+---------+-------+---------
           D:1 |       0 |       7 |   0.0 |       0 |       5 |   0.0 |   847
           D:2 |       0 |      14 |   0.0 |       0 |       7 |   0.0 |   861
           D:3 |       0 |     202 |   0.0 |       0 |      25 |   0.0 |  1717
           D:4 |       0 |      13 |   0.0 |       0 |       1 |   0.0 |    24
               +---------+---------+-------+---------+---------+-------+---------
